 Dungeon Crawl Stone Soup version 0.23.2-1-ga50397a (webtiles) character file.

Game seed: 15440441119651962620

12868 dhn the Cleaver (level 11, -2/97 HPs)
             Began as a Minotaur Fighter on May 5, 2019.
             Slain by a five-headed hydra (12 damage)
             ... on level 8 of the Dungeon.
             The game lasted 00:18:39 (14390 turns).

dhn the Cleaver (Minotaur Fighter)                 Turns: 14390, Time: 00:18:47

Health: -2/97      AC:  8    Str: 24    XL:     11   Next: 68%
Magic:  12/12      EV: 11    Int:  7    God:
Gold:   172        SH: 13    Dex: 10    Spells: 10/13 levels left

rFire    . . .     SeeInvis .   v - +3 spear (freeze)
rCold    . . .     Gourm    .   c - +1 shield
rNeg     . . .     Faith    .   b - +0 scale mail
rPois    .         Spirit   .   T - +0 hat
rElec    .         Reflect  .   (no cloak)
rCorr    .         Harm     .   (no gloves)
MR       +....                  (no boots)
Stlth    +.........             (no amulet)
HPRegen  0.26/turn              q - +2 ring of strength
MPRegen  0.13/turn              N - ring of protection from magic

@: starving
A: retaliatory headbutt, horns 2
a: no special abilities


You were on level 8 of the Dungeon.
You were starving.

You visited 2 branches of the dungeon, and saw 11 of its levels.
You also visited: Sewer.

You collected 625 gold pieces.
You spent 453 gold pieces at shops.

Inventory:

Hand Weapons
 a - a +0 war axe
 v - a +3 spear of freezing (weapon)
 w - a +0 spear of piercing
Armour
 b - a +0 scale mail (worn)
 c - a +1 shield (worn)
 H - a +0 cloak
 T - a +0 hat (worn)
Jewellery
 l - an uncursed ring of see invisible
 q - a +2 ring of strength (left hand)
 r - an uncursed ring of protection from magic
 A - an uncursed ring of protection from fire
 I - an uncursed ring of resist corrosion
 J - an uncursed ring of stealth
 L - an uncursed amulet of the gourmand {unknown}
 N - a ring of protection from magic (right hand)
Wands
 t - a wand of polymorph (10)
 B - a wand of enslavement (8)
 P - a wand of paralysis (1)
 Q - a wand of clouds (5)
 R - a wand of disintegration (12)
 S - a wand of random effects (12)
 V - a wand of iceblast (7)
Scrolls
 e - 6 scrolls of teleportation
 j - a scroll of magic mapping
 m - 3 scrolls of enchant armour
 n - 2 scrolls of remove curse
 p - 6 scrolls of fear
 x - 2 scrolls of enchant weapon {unknown}
 y - a scroll of fog {unknown}
 C - 3 scrolls of noise
 D - 3 scrolls of random uselessness
 E - 16 scrolls of identify
 F - 4 scrolls of immolation
 G - a scroll of blinking {unknown}
Potions
 d - 6 potions of might
 g - 4 potions of degeneration
 h - 5 potions of brilliance {unknown}
 i - a potion of invisibility {unknown}
 k - 4 potions of flight
 o - 8 potions of curing {unknown}
 s - 2 potions of heal wounds
 u - 2 potions of lignification
 z - 2 potions of mutation {unknown}
 K - a potion of magic {unknown}
 M - a potion of ambrosia {unknown}
 O - 3 potions of agility {unknown}
 U - a potion of cancellation {unknown}
Comestibles
 f - 14 rations


   Skills:
 + Level 9.1 Fighting
 + Level 13.4 Axes
 + Level 9.4 Armour
 + Level 4.7 Dodging
 + Level 3.4 Stealth
 + Level 10.7 Shields
 * Level 1.5 Spellcasting
 * Level 1.6 Translocations
 + Level 1.3 Evocations


You had 10 spell levels left.
You knew the following spells:

 Your Spells              Type           Power        Failure   Level  Hunger
a - Magic Dart            Conj           #...         83%         1    ##.....
b - Blink                 Tloc           N/A          75%         2    ###....

Your spell library contained the following spells:

 Spells                   Type           Power        Failure   Level  Hunger
 Call Imp                 Summ           #.......     92%         2    ###....
 Slow                     Hex            #.......     92%         2    ###....
 Conjure Flame            Conj/Fire      #.......     99%         3    ####...
 Mephitic Cloud           Conj/Pois/Air  #.......     99%         3    ####...


Dungeon Overview and Level Annotations

Branches:
Dungeon (10/15)            Temple (0/1) D:7            Lair (1/6) D:8
    Orc: D:9-12

Altars:
Ashenzari
Dithmenos
Elyvilon
Fedhas
Hepliaklqana
Makhleb
Qazlal
Sif Muna
Trog
Uskayaw
Vehumet
Wu Jian
Zin
The Shining One

Shops:
D:4 ?   D:5 *   D:7 [   D:8 *

Annotations:
D:9 1 transporter
Lair:1 1 runed translucent door, exclusion: 3 oklob plants, Kairos's ghost, journeyman FoFi


Innate Abilities, Weirdness & Mutations

You reflexively headbutt those who attack you in melee.
You have a pair of horns on your head.


Message History

The five-headed hydra bites you!
* * * LOW HITPOINT WARNING * * *
The five-headed hydra completely misses you.
The five-headed hydra bites you but does no damage.
You climb upwards.
Welcome back to the Dungeon!
There is a staircase to the Lair, spattered with blood here.
The five-headed hydra bites you but does no damage.
You block the five-headed hydra's attack.
The five-headed hydra bites you.
* * * LOW HITPOINT WARNING * * *
You block the five-headed hydra's attack. x2
Unknown command.
The five-headed hydra bites you!
* * * LOW HITPOINT WARNING * * *
The five-headed hydra bites you!
* * * LOW HITPOINT WARNING * * *
The five-headed hydra closely misses you.
You block the five-headed hydra's attack.
The five-headed hydra bites you!
You die...

####............##......####.....
...#..####.....###.#..#.......###
##...#...#...#.# #.##...###.(.##.
#....#...#.....###..........#.#..
#.####...##.#........##.#####.#..
..#⌠.##+##.⌠#.....##.#...........
..#.........#.....)....#####..#..
###........#####D.....## #..#..
...#.......#....@.....# #..##.
...+..._...'...#......# #..###
...#.......#...#......# ##....
####.......##.##......# #####
..#..................>#
..#⌠.#.+##.⌠#.....#####
#.##.#...####...###
#........#.....##
###..#.........#


You could see a five-headed hydra.

Vanquished Creatures
  3 two-headed ogres
  A spiny frog (Lair:1)
  2 rime drakes (Lair:1)
  Prince Ribbit (D:7)
  7 blink frogs (Lair:1)
  3 slime creatures (D:10)
  2 hippogriffs
  A wraith (D:10)
  18 yaks
  A hungry ghost (D:10)
  Grum (D:10)
  3 water moccasins
  2 black bears (D:6)
  An ice beast (D:10)
  2 orc warriors
  A hornet zombie (D:5)
  7 ogres
  A phantom (D:4)
  5 wolves
  5 centaurs
  A crocodile (Lair:1)
  2 big kobolds
  5 bullfrogs
  2 wyvern zombies
  A gnoll sergeant (D:10)
  4 scorpions
  A water moccasin skeleton (D:5)
  6 killer bees
  10 wights
  2 howler monkeys
  5 crimson imps
  2 bullfrog zombies
  2 jellies
  2 hounds
  2 orc priests
  3 gnoll shamans
  7 orc wizards
  3 bullfrog skeletons
  2 iguanas
  4 worker ants
  A worker ant zombie (D:8)
  20 gnolls
  A howler monkey skeleton (D:9)
  7 adders
  3 river rats
  2 oozes
  An adder zombie (D:7)
  An adder skeleton (D:2)
  4 worms
  4 dart slugs
  5 leopard geckos
  19 orcs
  A ball python (D:1)
  6 bats
  7 giant cockroaches
  11 goblins
  5 hobgoblins
  8 jackals
  4 quokkas
  4 frilled lizards (D:2)
  18 kobolds
  8 rats
273 creatures vanquished.

Vanquished Creatures (others)
  2 withered plants (Lair:1)
2 creatures vanquished.

Grand Total: 275 creatures vanquished

Notes
Turn   | Place    | Note
-------+----------+-------------------------------------------
     0 | D:1      | dhn the Minotaur Fighter began the quest for the Orb.
     0 | D:1      | Reached XP level 1. HP: 19/19 MP: 0/0
   161 | D:1      | Reached XP level 2. HP: 25/27 MP: 1/1
   486 | D:1      | Reached skill level 3 in Axes
   486 | D:1      | Reached XP level 3. HP: 33/33 MP: 2/2
  1127 | D:2      | Reached XP level 4. HP: 37/40 MP: 3/3
  1156 | D:2      | Reached skill level 4 in Axes
  1455 | D:3      | Found a glowing drain.
  1484 | Sewer    | Entered a sewer
  1615 | Sewer    | Noticed a big kobold
  1629 | Sewer    | Killed a big kobold
  1629 | Sewer    | Reached skill level 5 in Axes
  1629 | Sewer    | Reached XP level 5. HP: 29/47 MP: 4/4
  1770 | Sewer    | Found a white marble altar of Elyvilon.
  3012 | D:4      | Reached skill level 1 in Dodging
  3012 | D:4      | Reached XP level 6. HP: 53/53 MP: 5/5
  3157 | D:4      | Found Cifirof's Magic Scroll Boutique.
  3164 | D:4      | Bought a scroll of noise for 11 gold pieces
  3164 | D:4      | Bought a scroll of random uselessness for 11 gold pieces
  3164 | D:4      | Bought a scroll of identify for 22 gold pieces
  3164 | D:4      | Bought a scroll of identify for 22 gold pieces
  3164 | D:4      | Bought a scroll of immolation for 38 gold pieces
  3164 | D:4      | Bought a scroll of fear for 38 gold pieces
  3164 | D:4      | Bought a scroll of identify for 22 gold pieces
  3164 | D:4      | Bought a scroll of identify for 22 gold pieces
  3453 | D:4      | Reached skill level 6 in Axes
  3453 | D:4      | Reached skill level 5 in Armour
  3523 | D:4      | Found a bloodstained altar of Trog.
  3952 | D:4      | Found a deep blue altar of Sif Muna.
  4004 | D:4      | Found a radiant altar of Vehumet.
  4007 | D:4      | Found a stormy altar of Qazlal.
  4364 | D:5      | Entered Level 5 of the Dungeon
  4400 | D:5      | Found Gayrr's Assorted Antiques.
  4411 | D:5      | Reached XP level 7. HP: 44/60 MP: 6/6
  4415 | D:5      | Reached skill level 5 in Fighting
  4439 | D:5      | Reached skill level 5 in Shields
  4580 | D:5      | Reached skill level 7 in Axes
  4963 | D:5      | Reached XP level 8. HP: 42/69 MP: 7/7
  5882 | D:6      | Reached skill level 8 in Axes
  6291 | D:6      | Reached skill level 1 in Stealth
  6390 | D:6      | Found a hide-covered altar of Uskayaw.
  6462 | D:6      | Reached skill level 9 in Axes
  6839 | D:6      | Reached XP level 9. HP: 68/75 MP: 8/8
  7266 | D:7      | Found Rinkuh's Armour Boutique.
  7438 | D:7      | Reached skill level 10 in Axes
  7510 | D:7      | Found a burning altar of Makhleb.
  7525 | D:7      | Found a staircase to the Ecumenical Temple.
  7673 | D:7      | Noticed Prince Ribbit
  7693 | D:7      | Killed Prince Ribbit
  7995 | D:7      | Found an ornate altar of the Wu Jian Council.
  8628 | D:8      | Found a white marble altar of Elyvilon.
  8628 | D:8      | Found a glowing golden altar of the Shining One.
  8628 | D:8      | Found a glowing silver altar of Zin.
  8775 | D:8      | Reached XP level 10. HP: 82/84 MP: 9/9
  8826 | D:8      | Found a shattered altar of Ashenzari.
  8899 | D:8      | Found Dxzug's Desiderata Depot.
  8945 | D:8      | Found a shadowy altar of Dithmenos.
  9023 | D:8      | Found a staircase to the Lair.
  9117 | D:8      | Found a hazy altar of Hepliaklqana.
  9291 | D:5      | Bought a smoky inky potion for 27 gold pieces
  9291 | D:5      | Bought a worn brass wand for 120 gold pieces
  9291 | D:5      | Bought a silver wand for 120 gold pieces
  9388 | D:9      | Reached skill level 11 in Axes
  9402 | D:9      | Noticed a two-headed ogre
  9437 | D:9      | Killed a two-headed ogre
  9903 | D:9      | Reached skill level 12 in Axes
 10055 | D:9      | Found a transporter.
 10179 | D:9      | Noticed a two-headed ogre
 10180 | D:9      | Found a blossoming altar of Fedhas.
 10213 | D:9      | Killed a two-headed ogre
 10569 | D:10     | Entered Level 10 of the Dungeon
 10584 | D:10     | Noticed a two-headed ogre
 10601 | D:10     | Killed a two-headed ogre
 10601 | D:10     | Reached skill level 1 in Evocations
 11191 | D:10     | Reached XP level 11. HP: 53/94 MP: 10/10
 12011 | D:10     | Noticed Grum
 12030 | D:10     | Killed Grum
 12243 | D:10     | Reached skill level 10 in Shields
 12269 | D:10     | Learned a level 1 spell: Magic Dart
 12272 | D:10     | Learned a level 2 spell: Blink
 12360 | Lair:1   | Entered Level 1 of the Lair of Beasts
 12376 | Lair:1   | Reached skill level 13 in Axes
 13023 | Lair:1   | Reached skill level 1 in Translocations
 13283 | Lair:1   | Reached skill level 1 in Spellcasting
 13290 | Lair:1   | Noticed an oklob plant
 13291 | Lair:1   | Noticed an oklob plant
 13291 | Lair:1   | Noticed an oklob plant
 13558 | Lair:1   | Found a runed translucent door.
 13558 | Lair:1   | Noticed Kairos's ghost (journeyman FoFi)
 14212 | Lair:1   | Noticed a five-headed hydra
 14390 | D:8      | Slain by a five-headed hydra

Skill      XL: |  1  2  3  4  5  6  7  8  9 10 11 |
---------------+----------------------------------+-----
Shields        | 4 5 7 9 10 | 10.7
Armour         | 4 5 6 7 8 9 |  9.4
Fighting       | 4 5 6 8 9 |  9.1
Axes           | 3 5 6 7 9 10 12 13 | 13.4
Dodging        | 1 2 3 4 |  4.7
Stealth        | 1 3 |  3.4
Evocations     | 1 |  1.3
Translocations | 1 |  1.6
Spellcasting   | 1 |  1.5

Action                   |  1- 3 |  4- 6 |  7- 9 | 10-12 || total
-------------------------+-------+-------+-------+-------++-------
Melee: War axe           |   108 |   114 |   352 |   325 ||   899
       Headbutt          |     8 |    26 |    63 |    68 ||   165
       Spear             |       |       |       |     4 ||     4
Evoke: Wand              |       |       |       |    15 ||    15
  Use: Scroll            |       |     6 |       |       ||     6
       Potion            |       |     1 |     2 |     1 ||     4
 Stab: Paralysed         |       |       |       |     7 ||     7
  Eat: Chunk             |       |     7 |     9 |     6 ||    22
       Ration            |       |     1 |     2 |     4 ||     7
Armor: Scale mail        |    48 |    30 |    98 |    54 ||   230
       Skin              |       |       |     3 |       ||     3
Dodge: Dodged            |    36 |    38 |   109 |   101 ||   284
Block: Shield            |    56 |    59 |   237 |   196 ||   548
